Map: Cyber Forest LE

Players

Serral

  • Race: Zerg Zerg
  • Spawn Location: 5:00

Neeb - Winner!

  • Race: Protoss Protoss
  • Spawn Location: 11:00

Event: 2019 WCS Summer

VOD

Have the link to the VOD?

Description

Time

  • Played on: July 14, 2019, 11:11 a.m.
  • Length: 11:20

All games in this series

Show
View Real Time Build Order
Export as new Build Order

Serral Zerg 

Build Orders: Hatch First, Muta Ling Bane 

Get SALT Encoding   

  12  0:00  Drone  
  13  0:12  Overlord  
  13  0:16  Drone  
  14  0:30  Drone x2  
  16  0:45  Drone  
  17  0:51  Hatchery  
  17  0:54  Drone  
  17  0:58  Drone  
  18  1:07  Extractor  
  17  1:13  Spawning Pool  
  17  1:16  Drone  
  17  1:20  Drone  
  18  1:28  Drone  
  19  1:39  Overlord  
  19  1:50  Drone  
  20  2:00  Queen  
  20  2:01  Zergling x2  
  23  2:03  Queen  
  23  2:04  Zergling x2  
  26  2:09  Metabolic Boost  
  26  2:13  Drone  
  26  2:14  Drone  
  28  2:26  Drone x2  
  30  2:39  Hatchery  
  30  2:41  Zergling x2  
  30  2:49  Overlord  
  30  2:52  Queen  
  30  2:55  Drone  
  33  3:00  Zergling x2  
  33  3:04  Zergling x4  
  36  3:08  Drone x2  
  36  3:10  Drone  
  36  3:12  Drone  
  40  3:16  Drone  
  40  3:18  Drone  
  42  3:27  Drone x2  
  42  3:32  Lair  
  43  3:36  Overlord  
  42  3:41  Extractor  
  42  3:42  Roach Warren  
  42  3:43  Drone  
  42  3:45  Drone  
  42  3:49  Drone  
  42  3:50  Drone  
  42  3:54  Overlord  
  44  3:57  Drone x2  
  44  4:00  Drone  
  47  4:04  Drone x2  
  47  4:06  Drone  
  47  4:08  Overlord  
  50  4:14  Extractor  
  50  4:16  Queen  
  51  4:20  Drone x2  
  51  4:23  Roach  
  55  4:25  Roach  
  55  4:28  Roach  
  55  4:30  Roach  
  61  4:31  Overseer  
  61  4:36  Roach  
  63  4:44  Roach  
  65  4:47  Overlord x2  
  63  5:02  Drone x2  
  63  5:03  Drone  
  63  5:04  Queen  
  68  5:08  Extractor, Overlord  
  68  5:09  Drone x2, Spire  
  68  5:10  Drone  
  68  5:11  Overseer  
  69  5:15  Roach  
  69  5:19  Roach x2  
  75  5:22  Drone  
  75  5:23  Drone  
  75  5:27  Glial Reconstitution  
  75  5:28  Drone  
  78  5:33  Drone x3  
  81  5:40  Drone x2  
  81  5:42  Drone x2  
  85  5:55  Extractor, Roach x2  
  88  6:00  Drone x2  
  88  6:02  Extractor, Overlord x2  
  88  6:03  Evolution Chamber, Overlord  
  88  6:08  Overlord  
  88  6:09  Drone x2  
  90  6:16  Overlord  
  90  6:21  Mutalisk x5  
  100  6:28  Mutalisk  
  102  6:33  Drone x6  
  102  6:35  Drone  
  102  6:37  Drone  
  110  6:46  Drone x2  
  110  6:47  Drone  
  113  6:48  Zerg Melee Weapons Level 1  
  113  6:51  Overlord  
  113  6:56  Drone  
  114  7:04  Hatchery  
  114  7:05  Baneling Nest  
  114  7:06  Infestation Pit, Drone  
  112  7:13  Mutalisk x2  
  112  7:14  Zergling x12  
  120  7:18  Roach x3  
  126  7:25  Overlord x3  
  126  7:36  Overlord x2  
  126  7:44  Drone x4, Hive  
  126  7:45  Drone x2  
  132  7:52  Overlord  
  132  7:53  Drone x4  
  132  7:55  Drone  
  132  7:56  Zergling x8  
  132  7:57  Centrifical Hooks  
  141  8:04  Zergling x2  
  142  8:10  Zergling x8  
  142  8:12  Ravager  
  148  8:13  Ravager x3  
  148  8:18  Zergling x10  
  155  8:22  Drone  
  156  8:27  Ravager  
  156  8:28  Ravager x3  
  156  8:30  Zergling x10  
  165  8:43  Zergling x16  
  165  8:44  Baneling  
  165  8:45  Baneling x14  
  170  8:51  Baneling x6  
  170  8:52  Baneling x3  
  170  8:56  Drone  
  170  8:57  Hatchery, Extractor  
  170  8:58  Greater Spire, Drone x3  
  170  9:02  Spine Crawler  
  171  9:03  Overseer  
  171  9:07  Zergling x20  
  181  9:10  Baneling x7  
  181  9:14  Overseer  
  181  9:23  Zergling x12  
  183  9:31  Overseer  
  183  9:34  Baneling x17  
  183  9:35  Overlord x3  
  181  9:55  Corruptor x5  
  181  9:58  Drone x3, Extractor  
  191  10:03  Zergling x20  
  193  10:27  Brood Lord x4  
  195  10:29  Zergling x12  
  195  10:32  Brood Lord  
  197  10:39  Zergling x24  
  194  10:44  Zergling x2  
  194  10:45  Zergling x10  
  186  10:54  Zergling x6  
  186  10:56  Baneling  
  186  10:57  Baneling x10  
  174  11:00  Zergling x20  
Show
View Real Time Build Order
Export as new Build Order

Neeb Protoss - Winner!

Build Orders: 1 Gate Expand, Archon Immortal, Archon Drop, Dark Templar Rush 

Get SALT Encoding   

  12  0:00  Probe  
  13  0:12  Probe  
  14  0:19  Pylon  
  14  0:24  Probe  
  15  0:33  Probe  
  15  0:40  Gateway  
  15  0:41  Probe  
  17  0:51  Assimilator  
  17  0:52  Probe  
  18  1:04  Probe  
  19  1:16  Probe  
  20  1:26  Nexus  
  20  1:36  Cybernetics Core  
  20  1:38  Probe  
  21  1:49  Assimilator  
  21  1:51  Probe  
  21  1:53  Pylon  
  22  2:00  Probe  
  22  2:02  Adept  
  22  2:08  Probe  
  26  2:17  Probe  
  26  2:21  Warp Gate  
  27  2:24  Adept  
  27  2:29  Probe  
  28  2:35  Twilight Council  
  30  2:38  Probe  
  30  2:41  Probe  
  32  2:50  Probe  
  33  2:52  Stalker  
  33  2:53  Probe  
  36  3:02  Probe  
  36  3:05  Probe, Robotics Facility  
  38  3:14  Probe  
  38  3:16  Gateway  
  38  3:17  Probe  
  40  3:26  Dark Shrine  
  40  3:27  Probe  
  41  3:29  Probe  
  42  3:39  Probe  
  41  3:42  Probe  
  41  3:45  Warp Prism  
  41  3:46  Gateway  
  40  3:50  Gateway x2  
  42  3:58  Probe x2  
  42  4:02  Assimilator  
  44  4:04  Assimilator  
  44  4:08  Pylon  
  44  4:10  Adept  
  44  4:15  Pylon  
  46  4:24  Pylon  
  46  4:26  Probe x2  
  48  4:38  Probe x2  
  50  4:45  Dark Templar x4  
  50  4:50  Probe x2  
  57  5:02  Probe  
  57  5:05  Pylon  
  57  5:06  Observer  
  59  5:10  Archon  
  59  5:11  Archon  
  59  5:16  Forge  
  59  5:17  Immortal  
  59  5:19  Sentry x2, Zealot  
  59  5:20  Zealot  
  71  5:29  Nexus  
  71  5:33  Pylon  
  71  5:34  Probe  
  72  5:35  Probe  
  73  5:43  Charge  
  73  5:46  Probe  
  73  5:48  Probe  
  75  5:51  Immortal  
  79  5:58  Probe  
  79  6:02  Sentry  
  82  6:05  Probe  
  82  6:08  Protoss Ground Weapons Level 1  
  82  6:10  Probe  
  84  6:18  Probe  
  85  6:24  Probe, Gateway  
  86  6:27  Gateway  
  86  6:32  Observer  
  86  6:35  Gateway  
  86  6:39  Gateway, Pylon  
  86  6:40  Probe, Immortal  
  86  6:41  Photon Cannon  
  91  6:48  Photon Cannon  
  91  6:50  Photon Cannon  
  93  6:57  Stalker x2  
  93  7:00  Stalker  
  97  7:03  Stalker  
  97  7:05  Blink  
  97  7:06  Observer, Shield Battery  
  99  7:14  Observer, Probe x2  
  99  7:15  Probe  
  102  7:20  Immortal  
  106  7:26  Probe x2  
  108  7:30  Probe, Assimilator  
  108  7:31  Pylon  
  108  7:33  Assimilator  
  108  7:34  Pylon  
  109  7:42  Pylon  
  109  7:43  Pylon  
  109  7:48  Protoss Ground Weapons Level 2  
  109  7:49  Probe x3  
  112  7:53  Stalker x2  
  112  7:54  Stalker  
  117  7:59  Immortal  
  117  8:01  Probe x2  
  117  8:02  Shield Battery  
  123  8:17  Dark Templar x3  
  123  8:18  Dark Templar  
  131  8:21  Archon  
  131  8:22  Archon  
  131  8:23  Stalker x2  
  135  8:29  Probe  
  135  8:31  Pylon  
  136  8:37  Stalker x2  
  136  8:46  Nexus  
  136  8:50  Observer  
  136  8:55  Dark Templar x3  
  138  8:56  Dark Templar  
  138  9:00  Archon x2  
  138  9:01  Stalker  
  146  9:04  Pylon  
  146  9:06  Pylon  
  146  9:07  Observer  
  146  9:13  Stalker  
  148  9:20  Pylon  
  148  9:21  Pylon  
  147  9:26  Stalker x3  
  153  9:34  Dark Templar x2  
  153  9:38  Stalker x2  
  161  9:40  Archon  
  161  9:51  Stalker x4  
  169  10:08  Stalker  
  169  10:09  Stalker x3  
  169  10:11  Photon Cannon  
  177  10:14  Zealot, Shield Battery  
  177  10:20  Zealot x3  
  181  10:39  Stalker  
  181  10:40  Stalker x5  
  181  10:41  Stalker  
  166  10:51  Stalker  
  164  11:03  Stalker x3  
  129  11:16  Stalker x3  
Tags
 
Add a new tag
Caveats
  • Supply blocks, unpowered buildings, or Contaminate may cause inaccurate times.
  • Supply counts are checked every 10 seconds.